 Dungeon Crawl Stone Soup version 0.25.0-46-gbd7b0854d2 (webtiles) character file.

Game seed: 42378334127656814

7838 Gwenloh the Slinger (level 11, -5/64 HPs)
             Began as a Halfling Warper on July 13, 2020.
             Was an Elder of Fedhas.
             Slain by Sonja
             ... wielding a +1 short sword of distortion
              (6 damage)
             ... on level 11 of the Dungeon on July 14, 2020.
             The game lasted 01:02:17 (15848 turns).

Gwenloh the Slinger (Halfling Warper)              Turns: 15848, Time: 01:02:19

Health: -5/64      AC: 21    Str: 15    XL:     11   Next: 44%
Magic:  16/25      EV: 17    Int: 14    God:    Fedhas [****..]
Gold:   816        SH:  0    Dex: 21    Spells: 5/13 levels left

rFire    + + +     SeeInvis .   b - +2 dagger (drain)
rCold    . . .     Gourm    .   (shield restricted)
rNeg     . . .     Faith    +   Q - +8 fire dragon scales of Experimentation {*Drain rF++ rC- MP+9 Str+3}
rPois    .         Spirit   .   P - +0 helmet
rElec    .         Reflect  .   V - scarf {rC+ rF+}
rCorr    .         Harm     .   G - +0 pair of gloves
MR       .....                  (no boots)
Stlth    ..........             y - amulet of faith
HPRegen  0.20/turn              I - ring of wizardry
MPRegen  0.19/turn              L - +6 ring of dexterity

@: lethally poisoned (-5 -> -8), slowed, very slow
A: small, mutation resistance 1
a: Wall of Briars, Grow Ballistomycete, Overgrow, Renounce Religion


You were on level 11 of the Dungeon.
You worshipped Fedhas.
Fedhas was greatly pleased with you.
You were not hungry.

You visited 2 branches of the dungeon, and saw 12 of its levels.
You also visited: Sewer.

You collected 816 gold pieces.

Inventory:

Hand Weapons
 a - a +0 hunting sling
 b - a +2 dagger of draining (weapon)
 i - a +0 falchion
Missiles
 c - 101 sling bullets
 e - 3 boomerangs of dispersal (quivered)
 l - 255 stones
 r - 21 boomerangs
Armour
 k - a +1 leather armour
 v - a +0 ring mail
 G - a +0 pair of gloves (worn)
 P - a +0 helmet (worn)
 Q - the +8 fire dragon scales of Experimentation (worn) {*Drain rF++ rC- MP+9 Str+3}
   (You found it on level 9 of the Dungeon)

   It affects your strength (+3).
   It greatly protects you from fire.
   It makes you vulnerable to cold.
   It affects your magic capacity (+9).
   It causes draining when unequipped.
 V - a scarf of resistance (worn)
Jewellery
 y - an amulet of faith (around neck)
 E - an uncursed ring of positive energy
 I - a ring of wizardry (left hand)
 L - a +6 ring of dexterity (right hand)
 T - an uncursed ring of fire
Wands
 q - a wand of polymorph (12)
 A - a wand of iceblast (24)
 F - a wand of flame (20)
 K - a wand of clouds (8)
 O - a wand of digging (7)
 W - a wand of paralysis (5)
Scrolls
 d - 5 scrolls of blinking
 j - 2 scrolls of fear
 m - a scroll of remove curse
 t - a scroll of immolation
 w - 6 scrolls of teleportation
 C - 4 scrolls of amnesia
 H - 2 scrolls of enchant armour
 M - a scroll of silence {unknown}
 N - a scroll of fog {unknown}
 R - 2 scrolls of brand weapon
Potions
 g - a potion of stabbing {unknown}
 h - 2 potions of berserk rage {unknown}
 n - 3 potions of haste {unknown}
 o - a potion of cancellation {unknown}
 p - 5 potions of ambrosia
 s - a potion of might {unknown}
 u - 3 potions of flight {unknown}
 x - 3 potions of magic {unknown}
 z - 2 potions of curing {unknown}
 B - 7 potions of heal wounds
 D - 2 potions of invisibility {unknown}
 J - a potion of degeneration {unknown}
 S - a potion of mutation {unknown}
Comestibles
 f - 17 rations


   Skills:
 - Level 1.8 Fighting
 + Level 6.8 Long Blades
 + Level 10.6(10.7) Slings
 - Level 1.0(4.8) Throwing
 + Level 7.1 Armour
 + Level 7.4 Dodging
 - Level 1.6 Spellcasting
 - Level 4.2 Charms
 + Level 7.7 Translocations
 * Level 7.5 Invocations


You had 5 spell levels left.
You knew the following spells:

 Your Spells              Type           Power        Failure   Level  Hunger
a - Blink                 Tloc           N/A          2%          2    ###....
b - Shroud of Golubria    Chrm/Tloc      ###...       5%          2    ###....
c - Passage of Golubria   Tloc           N/A          16%         4    #####..

Your spell library contained the following spells:

 Spells                   Type           Power        Failure   Level  Hunger
 Apportation              Tloc           ###...       1%          1    ##.....
 Gell's Gravitas          Tloc           ###.......   5%          3    ####...
 Lesser Beckoning         Tloc           ###.......   5%          3    ####...
 Teleport Other           Tloc           ###.....     5%          3    ####...
 Animate Skeleton         Necr           N/A          38%         1    ##.....
 Beastly Appendage        Tmut           #.....       38%         1    ##.....
 Corona                   Hex            #......      38%         1    ##.....
 Summon Small Mammal      Summ           #...         38%         1    ##.....
 Sticks to Snakes         Tmut           #.......     52%         2    ###....
 Spider Form              Tmut/Pois      #.........   75%         3    ####...
 Ice Form                 Ice/Tmut       #.......     98%         4    #####..
 Blade Hands              Tmut           #.........   100%        5    ######.


Dungeon Overview and Level Annotations

Branches:
Dungeon (11/15)            Temple (1/1) D:4             Orc (0/2) D:9
  Sewer (visited)
   Lair: D:8-11

Altars:
Ashenzari
Cheibriados
Dithmenos
Elyvilon
Fedhas
Gozag
Hepliaklqana
Kikubaaqudgha
Makhleb
Nemelex Xobeh
Okawaru
Qazlal
Ru
Sif Muna
Trog
Uskayaw
Vehumet
Wu Jian
Xom
Yredelemnul
Zin
The Shining One

Shops:
D:5 [

Annotations:
D:6 2 transporters, 2 runed translucent doors, Nebesus's ghost, novice HOGl
D:11 Sonja


Innate Abilities, Weirdness & Mutations

You are small and have problems with some larger weapons.
You are somewhat resistant to further mutation.


Message History

Sonja hits you but does no damage.
You blink.
You feel sick.
Your ballistomycete spore explodes!
The killer bee appears confused.
The explosion of spores engulfs the killer bee!!
You kill the killer bee!
Fedhas accepts your kill. Fedhas protects your plant from harm.
Your ballistomycete spore explodes!
Fedhas protects your plant from harm. x2
Sonja twirls her cape.
The green ugly thing tentacle-slaps you.
* * * LOW HITPOINT WARNING * * *
You hear a loud, deep croak!
Sonja hits you but does no damage. Sonja completely misses you.
Sonja hits you but does no damage. Space warps horribly around you!
* * * LOW HITPOINT WARNING * * *
Sonja barely misses you. Sonja hits you but does no damage.
Space bends around you.
You die...
Fedhas appreciates your contribution to the ecosystem.

...........##############..(...
.........................(.....
............^...........).†)...
############..........†..P....(
#..........PP(......
#........†.P(P......
#...........P(.$....
############....KK.............
................@u...(.........
###############################


You could see a green ugly thing, Sonja and a kobold.

Vanquished Creatures
  A gargoyle (D:11)
  A troll (D:11)
  Sigmund (D:6)
  A wraith (D:10)
  A wyvern (D:8)
  11 yaks
  A hungry ghost (D:9)
  2 water moccasins
  A black bear (D:7)
  An orc warrior (D:8)
  3 sky beasts
  2 phantoms
  6 ogres
  5 centaurs
  3 big kobolds
  8 bullfrogs
  A scorpion (D:11)
  6 killer bees
  A howler monkey (D:9)
  3 crimson imps
  2 bullfrog zombies
  12 hounds
  2 orc priests
  3 jellies
  5 orc wizards
  A centaur skeleton (D:4)
  3 iguanas
  9 worker ants
  2 hound skeletons
  A worker ant zombie (D:6)
  10 adders
  2 shadow imps
  14 oozes
  An adder skeleton (D:7)
  3 adder zombies
  4 worms
  4 dart slugs
  24 leopard geckos
  14 orcs
  12 giant cockroaches
  9 goblins
  8 hobgoblins
  6 quokkas
  12 ball pythons
  6 bats
  12 frilled lizards
  16 kobolds
  3 leopard gecko skeletons
  9 rats
  A fungus (D:1)
269 creatures vanquished.

Vanquished Creatures (collateral kills)
  A harpy zombie (D:10)
  4 yaks
  A water moccasin (D:11)
  2 orc warriors
  A scorpion (D:9)
  13 killer bees
  2 jellies (D:8)
  An orc wizard (D:10)
  An orc (D:10)
  2 ballistomycete spores (D:11)
28 creatures vanquished.

Vanquished Creatures (others)
  A killer bee (D:11)
  A ballistomycete spore (D:11)
2 creatures vanquished.

Grand Total: 299 creatures vanquished

Notes
Turn   | Place    | Note
-------+----------+-------------------------------------------
     0 | D:1      | Gwenloh the Halfling Warper began the quest for the Orb.
     0 | D:1      | Reached XP level 1. HP: 14/14 MP: 3/3
   202 | D:1      | Reached XP level 2. HP: 19/19 MP: 4/4
   242 | D:1      | Learned a level 2 spell: Blink
   245 | D:1      | Learned a level 2 spell: Shroud of Golubria
   515 | D:1      | Reached skill level 1 in Slings
   614 | D:1      | Reached XP level 3. HP: 17/24 MP: 5/5
  1262 | D:2      | Found a glowing golden altar of the Shining One.
  1362 | D:2      | Reached skill level 2 in Slings
  1474 | D:2      | Reached XP level 4. HP: 26/29 MP: 6/6
  1893 | D:3      | Noticed a centaur
  1905 | D:3      | Killed a centaur
  1905 | D:3      | Reached skill level 3 in Slings
  1905 | D:3      | Reached skill level 1 in Charms
  1905 | D:3      | Reached XP level 5. HP: 25/34 MP: 4/7
  2156 | D:3      | Found a bloodstained altar of Trog.
  2371 | D:3      | Found a sparkling altar of Nemelex Xobeh.
  2725 | D:4      | Reached XP level 6. HP: 37/39 MP: 8/8
  2779 | D:4      | Reached skill level 4 in Slings
  3010 | D:4      | Found a staircase to the Ecumenical Temple.
  3041 | Temple   | Entered the Ecumenical Temple
  3297 | Temple   | Became a worshipper of Fedhas Madash
  3443 | D:4      | Noticed a sky beast
  3465 | D:4      | Killed a sky beast
  3465 | D:4      | Reached XP level 7. HP: 33/44 MP: 9/9
  3912 | D:5      | Entered Level 5 of the Dungeon
  4114 | D:5      | Found a glowing drain.
  4226 | Sewer    | Entered a sewer
  4229 | Sewer    | Reached skill level 5 in Slings
  4289 | Sewer    | Reached * piety under Fedhas
  4849 | Sewer    | Reached ** piety under Fedhas
  5513 | D:5      | Found Xequlut's Armour Emporium.
  5515 | D:5      | Reached XP level 8. HP: 50/50 MP: 10/10
  5521 | D:5      | Learned a level 4 spell: Passage of Golubria
  5623 | D:5      | Reached skill level 6 in Slings
  6187 | D:5      | Found a hazy altar of Hepliaklqana.
  6797 | D:6      | Found a transporter.
  6797 | D:6      | Noticed Nebesus's ghost (novice HOGl)
  6994 | D:6      | Found a shimmering altar of Xom.
  6994 | D:6      | Found a hide-covered altar of Uskayaw.
  7038 | D:6      | Reached skill level 7 in Slings
  7071 | D:6      | Reached *** piety under Fedhas
  7121 | D:5      | Reached skill level 5 in Translocations
  7344 | D:6      | Found a blossoming altar of Fedhas.
  7357 | D:6      | Found a transporter.
  7557 | D:6      | Reached XP level 9. HP: 54/54 MP: 8/11
  7582 | D:6      | Noticed Sigmund
  8003 | D:5      | Reached skill level 8 in Slings
  8003 | D:5      | Reached skill level 5 in Dodging
  8230 | D:6      | Killed Sigmund
  8230 | D:6      | Reached skill level 1 in Invocations
  8396 | D:6      | Found a runed translucent door.
  8397 | D:6      | Found a runed translucent door.
  8510 | D:6      | Found an opulent altar of Gozag.
  8577 | D:6      | Found an ornate altar of the Wu Jian Council.
  9068 | D:7      | Reached skill level 5 in Armour
  9105 | D:7      | Reached skill level 5 in Long Blades
  9461 | D:7      | Reached **** piety under Fedhas
  9970 | D:7      | Found a sacrificial altar of Ru.
 10330 | D:8      | Reached skill level 9 in Slings
 10330 | D:8      | Reached XP level 10. HP: 46/60 MP: 9/12
 10784 | D:8      | Found an iron altar of Okawaru.
 12292 | D:9      | Got brightly glowing fire dragon scales
 12377 | D:9      | Reached skill level 5 in Invocations
 12910 | D:9      | Found a staircase to the Orcish Mines.
 13012 | D:9      | Found a white marble altar of Elyvilon.
 13123 | D:9      | Identified the +8 fire dragon scales of Experimentation
                  | {*Drain rF++ rC- MP+9 Str+3} (You found it on level 9 of
                  | the Dungeon)
 13219 | D:9      | Found a burning altar of Makhleb.
 13219 | D:9      | Noticed a green death
 13222 | D:9      | Noticed an orange demon
 13317 | D:9      | Found a basalt altar of Yredelemnul.
 13430 | D:10     | Entered Level 10 of the Dungeon
 13986 | D:10     | Reached ***** piety under Fedhas
 14081 | D:10     | Reached skill level 10 in Slings
 14679 | D:10     | Reached XP level 11. HP: 64/64 MP: 15/15
 15504 | D:11     | Noticed a manticore
 15830 | D:11     | Noticed a green ugly thing
 15831 | D:11     | Noticed Sonja
 15848 | D:11     | HP: 1/64 [Sonja/+1 short sword of distortion (15)]
 15848 | D:11     | Slain by Sonja

Illustrated notes

Levels and vault maps discovered:
D:1:      dpeg_cavernosity, layout_basic
D:2:      layout_rooms, nicolae_tso_carved_into_rock
D:3:      layout_loops_ring, old_standard_altar, bloody_trog, first_ration
D:4:      layout_loops_ring, temple_pool_b
D:5:      layout_loops_corners, kennysheep_mini, serial_shops, shop,
          gup_sewer_entry_pipe
D:6:      lemuel_insect_pit, layout_cave_pools,
          chequers_temple_overflow_statue_of_worship, grunt_gozag_breadcrumbs,
          lemuel_doored_altar, gammafunk_ghost_arena, basic_altar, st_stairs_4,
          uniq_sigmund
D:7:      layout_basic, nicolae_ru_path_of_blood, minmay_bent
D:8:      layout_gridville, overflow_temple_1_default,
          hangedman_little_slice_of_home
D:9:      layout_loops_ring, kennysheep_ying_yang, makhleb_altar_promises_db,
          orc_0_dummy
D:10:     layout_loops_ring
D:11:     layout_long_grid, lair_entry_dummy, uniq_sonja
Temple:   compressed_dpeg_triangle_lava_temple

Skill      XL: |  1  2  3  4  5  6  7  8  9 10 11 |
---------------+----------------------------------+-----
Slings         | 1 2 3 4 5 7 9 10 | 10.6
Armour         | 2 3 4 5 6 7 |  7.1
Dodging        | 3 4 5 6 7 |  7.4
Charms         | 1 2 3 4 |  4.2
Long Blades    | 3 4 5 6 |  6.8
Translocations | 4 5 6 7 |  7.7
Invocations    | 3 6 7 |  7.5
Fighting       | |  1.8
Throwing       | |  1.0
Spellcasting   | |  1.6

Action                   |  1- 3 |  4- 6 |  7- 9 | 10-12 || total
-------------------------+-------+-------+-------+-------++-------
Melee: Dagger            |    39 |    62 |   371 |   252 ||   724
       Falchion          |    13 |       |    52 |    64 ||   129
 Fire: Hunting sling     |    52 |   124 |   443 |   504 ||  1123
Throw: Boomerang         |     1 |       |     2 |     3 ||     6
 Cast: Shroud of Golubri |     1 |     3 |    16 |     7 ||    27
       Blink             |       |       |    14 |    17 ||    31
       Passage of Golubr |       |       |       |     1 ||     1
Invok: Wall of Briars    |       |       |     1 |    15 ||    16
       Grow Ballistomyce |       |       |       |     1 ||     1
  Use: Scroll            |       |     7 |     5 |     1 ||    13
 Stab: Sleeping          |     1 |       |       |       ||     1
  Eat: Chunk             |     2 |     5 |    18 |    19 ||    44
       Ration            |       |       |     2 |     1 ||     3
Armor: Leather armour    |     7 |    21 |    77 |    19 ||   124
       Fire dragon scale |       |       |       |   104 ||   104
Dodge: Dodged            |    23 |    57 |   420 |   304 ||   804
       Rpst.: Falchion   |       |       |     9 |    11 ||    20
